 Dungeon Crawl Stone Soup version 0.31-a0-234-gad7ace16ef (webtiles) character file.

Game seed: 16128528891311445894

54783 qw the Marksminotaur (level 14, 0/135 HPs)
             Began as a Minotaur Hexslinger on July 9, 2023.
             Was an Elder of Okawaru.
             Slain by a spriggan
             ... wielding a +2 rapier of distortion
              (1 damage)
             ... while petrified by a basilisk
             ... on level 5 of the Lair of Beasts.
             The game lasted 00:07:36 (15363 turns).

qw the Marksminotaur (Minotaur Hexslinger)         Turns: 15363, Time: 00:07:37

Health: 0/135      AC: 14    Str: 14    XL:     14   Next: 35%
Magic:  20/20      EV:  2    Int: 14    God:    Okawaru [****..]
Gold:   732        SH:  0    Dex: 23    Spells: 14/15 levels left

rFire   . . .        j - +0 orcbow
rCold   . . .        (shield currently unavailable)
rNeg    + + +        a - +3 leather armour
rPois   inf          (helmet restricted)
rElec   .            c - +0 cloak
rCorr   .            p - +2 pair of gloves of Bad Feelings {Int+4}
SInv    .            n - +0 pair of boots
Will    +....        (no amulet)
Stlth   ++++         f - +6 ring of dexterity
HPRegen 0.00/turn    m - +5 ring of evasion
MPRegen 0.17/turn

%: no passive effects
@: petrified, heroic, sick
A: horns 2, retaliatory headbutt, claws 1, camouflage 1, mutation resistance 1
a: Renounce Religion, Heroism, Finesse


You were on level 5 of the Lair of Beasts.
You worshipped Okawaru.
Okawaru was greatly pleased with you.
You visited 2 branches of the dungeon, and saw 13 of its levels.

You collected 732 gold pieces.


Innate Abilities, Weirdness & Mutations

You have a pair of horns on your head.
You reflexively headbutt those who attack you in melee.
You have sharp fingernails.
Your skin changes colour to match your surroundings (Stealth+).
You are somewhat resistant to further mutation.


   Skills:
 + Level 15.6(20.6) Fighting
 - Level 16.0(21.0) Ranged Weapons
 - Level 7.0(12.0) Armour
 - Level 13.0(18.0) Dodging
 - Level 1.0 Spellcasting
 - Level 2.0 Hexes
 - Level 10.0 Invocations


You had 14 spell levels left.
You knew the following spells:

 Your Spells              Type           Power      Damage    Failure   Level
a - Slow                  Hex            24%        N/A       14%         1

Your spell library contained the following spells:

 Spells                   Type           Power      Damage    Failure   Level
 Inner Flame              Hex/Fire       3%         N/A       52%         3
 Portal Projectile        Hex/Tloc       6%         N/A       52%         3
 Cause Fear               Hex            3%         N/A       80%         4

Inventory:

Hand Weapons
 j - a +0 orcbow (weapon)
Armour
 a - a +3 leather armour (worn)
 c - a +0 cloak (worn)
 l - a scarf of repulsion
 n - a +0 pair of boots (worn)
 p - the +2 pair of gloves of Bad Feelings (worn) {Int+4}
   (You found it on level 8 of the Dungeon)

   Int:       It affects your intelligence (+4).
Jewellery
 f - a +6 ring of dexterity (left hand)
 m - a +5 ring of evasion (right hand)
 o - an amulet of regeneration
Wands
 q - a wand of digging (4)
Scrolls
 b - 4 scrolls of identify
 r - a scroll of teleportation
Potions
 d - 2 potions of resistance
 e - a potion of haste
 g - a potion of might
 h - 3 potions of curing
 i - 2 potions of enlightenment
 k - a potion of mutation

Dungeon Overview and Level Annotations

Branches:
Dungeon (8/15)             Temple (0/1) D:7            Lair (5/5) D:8
  Swamp (0/4) Lair:2        Snake (0/4) Lair:2        Slime (0/5) Lair:4

Altars:
Dithmenos
Elyvilon
Fedhas
Okawaru
Trog
Uskayaw
Wu Jian
The Shining One

Shops:
D:1 =

Annotations:
Lair:4 2 transporters, qw's ghost, journeyman GrFi


Message History

You shoot an arrow.
The arrow closely misses the small abomination.
The small abomination barely misses you.
The ancient zyme barely misses you. The ancient zyme closely misses you.
You feel ill.
The basilisk bites you but does no damage.
You shoot an arrow.
The arrow hits the small abomination but does no damage.
The small abomination is almost destroyed.
The blink frog blinks!
The small abomination hits you but does no damage.
The basilisk gazes at you.
Your limbs have turned to stone.
The ancient zyme hits you! The ancient zyme misses you.
The small abomination misses you. You furiously retaliate!
You headbutt the small abomination.
You have turned to stone.
The blink frog hits you! The small abomination hits you.
The basilisk bites you. The ancient zyme barely misses you.
The ancient zyme hits you!
The blink frog hits you but does no damage.
The small abomination hits you. The basilisk gazes at you.
You easily resist.
The ancient zyme barely misses you. The ancient zyme hits you.
The blink frog completely misses you. The small abomination hits you.
The blink frog hits you!
The blink frog blinks!
The basilisk bites you but does no damage.
The ancient zyme hits you but does no damage.
The ancient zyme hits you. The small abomination hits you!
The small abomination barely misses you.
The basilisk bites you!
The ancient zyme hits you but does no damage.
The ancient zyme hits you. The small abomination hits you!
The basilisk barely misses you. The ancient zyme hits you. x2
The small abomination hits you but does no damage.
The basilisk bites you! The ancient zyme hits you.
The ancient zyme hits you but does no damage.
The blink frog blinks!
The basilisk bites you! The ancient zyme hits you.
The ancient zyme hits you but does no damage.
The spriggan hits you with a +2 rapier of distortion.
You die... 77 777 777?|%

77.77777 777..)..7
.......7 777.i....7
.%...7.7 77..@xx.7
.7..7777 777....lF.7
777...77777...ยค..77...7
777...77....7777 ....
77......777 77. 77
77.....77 .7 77...7777
.777..%77 .77...77


You could see an ancient zyme, a basilisk, a blink frog, a small abomination and
a spriggan.

Vanquished Creatures
  10 hydras
  2 catoblepae
  A boulder beetle (Lair:2)
  7 death yaks
  A large abomination (Lair:5)
  Sonja (Lair:5)
  A skyshark (Lair:4)
  2 bog bodies (Lair:2)
  A lindwurm (Lair:4)
  14 elephants
  10 black mambas
  2 torpor snails
  22 cane toads
  2 smoke demons (Lair:5)
  13 komodo dragons
  3 rime drakes
  An ancient zyme (Lair:5)
  A hornet (D:6)
  2 polar bears (Lair:4)
  19 blink frogs
  Grinder (D:6)
  3 dream sheep
  3 wyverns
  34 yaks
  Eustachio (D:6)
  A chaos spawn (Lair:5)
  A steam dragon (D:8)
  13 basilisks
  3 nagas (Lair:2)
  6 small abominations (Lair:5)
  Duvessa (D:7)
  An orc warrior (D:8)
  26 water moccasins
  A sky beast (D:8)
  A black bear (D:4)
  An ogre (D:4)
  5 wolves
  3 centaurs
  A kobold brigand (D:8)
  23 bullfrogs
  3 scorpions
  Dowan (D:7)
  4 wights (D:7)
  3 killer bees (D:8)
  3 howler monkeys
  12 jellies (Lair:4)
  6 hounds
  4 orc priests
  An iguana (D:6)
  7 orc wizards
  5 hell rats (Lair:5)
  6 adders
  10 gnolls
  2 white imps (D:6)
  2 ufetubi (D:5)
  4 worms
  A dart slug (D:2)
  32 orcs
  3 ball pythons
  3 bats
  12 endoplasms
  A giant cockroach (D:3)
  6 goblins
  8 hobgoblins
  10 jackals (D:1)
  11 kobolds
  9 quokkas
  3 frilled lizards
  8 rats
424 creatures vanquished.

Notes
Turn   | Place    | Note
-------+----------+-------------------------------------------
     0 | D:1      | qw the Minotaur Hexslinger began the quest for the Orb.
     0 | D:1      | Reached XP level 1. HP: 16/16 MP: 1/1
     0 | D:1      | 0 ||| qw: Version: 0.3-a-51-g015441d
     0 | D:1      | 0 ||| qw: Game counter: 4121
     0 | D:1      | 0 ||| qw: Melee chars always use a shield: true
     0 | D:1      | 0 ||| qw: God list: Okawaru
     0 | D:1      | 0 ||| qw: Allow faded altars: false
     0 | D:1      | 0 ||| qw: Do Orc after clearing Dungeon:15 true
     0 | D:1      | 0 ||| qw: Do second Lair branch before Depths: true
     0 | D:1      | 0 ||| qw: Lair rune preference: random
     0 | D:1      | 0 ||| qw: Goals: Normal
     0 | D:1      | 0 ||| PLANNING D:1-11
   106 | D:1      | Reached skill level 3 in Ranged Weapons
   106 | D:1      | Reached XP level 2. HP: 16/23 MP: 2/2
   293 | D:1      | Reached XP level 3. HP: 29/29 MP: 3/3
   462 | D:1      | Found Roung's Jewellery Emporium.
   702 | D:1      | 702 ||| SHOPLISTING +5 ring of evasion (468 gold, have 78).
   702 | D:1      | 702 ||| SHOPLISTING ring of ice (325 gold, have 78).
   702 | D:1      | 702 ||| SHOPLISTING ring of poison resistance (260 gold,
                  | have 78).
   702 | D:1      | 702 ||| SHOPLISTING ring of resist corrosion (260 gold,
                  | have 78).
   702 | D:1      | 702 ||| SHOPLISTING ring of see invisible (195 gold, have
                  | 78).
   817 | D:1      | 817 ||| UPGRADING to +0 ring mail.
   827 | D:1      | 827 ||| DROPPING +0 robe.
   828 | D:1      | 828 ||| READING scroll labelled JIOJUCV BAUCLU.
   829 | D:1      | 829 ||| READING scroll labelled NYKLAE ELUM.
   834 | D:1      | 834 ||| READING scroll labelled QILUAP DEFIUNI.
   835 | D:1      | 835 ||| DRINKING 2 dark potions.
   836 | D:1      | 836 ||| DROPPING scroll of poison.
   886 | D:2      | Reached skill level 4 in Ranged Weapons
  1023 | D:2      | Reached skill level 1 in Armour
  1034 | D:2      | HP: 7/29 [poisoned by an adder]
  1050 | D:2      | 1050 ||| FLEEEEING.
  1178 | D:2      | Reached XP level 4. HP: 30/36 MP: 4/4
  1709 | D:2      | 1709 ||| UPGRADING to +6 ring of dexterity.
  1710 | D:2      | 1710 ||| READING scroll labelled ENKEOS IKHE.
  1711 | D:2      | 1711 ||| READING 3 scrolls labelled UFRULY REKOZXU.
  1812 | D:2      | 1812 ||| READING scroll labelled LAKUEC TISY.
  1813 | D:2      | 1813 ||| READING scroll labelled WAOLEFI URUD.
  1814 | D:2      | 1814 ||| READING scroll labelled FER ZAURYANOGYNK.
  1815 | D:2      | 1815 ||| DRINKING 2 grey potions.
  1816 | D:2      | 1816 ||| DROPPING 2 scrolls of silence.
  1920 | D:3      | Reached skill level 5 in Ranged Weapons
  1950 | D:3      | Reached XP level 5. HP: 31/44 MP: 5/5
  1952 | D:3      | Reached skill level 3 in Fighting
  2405 | D:3      | Found a bloodstained altar of Trog.
  2405 | D:3      | Found an iron altar of Okawaru.
  2406 | D:3      | 2406 ||| PLANNING OKAWARU WORSHIP
  2409 | D:3      | 2409 ||| UPGRADING to +3 leather armour.
  2419 | D:3      | 2419 ||| UPGRADING to +0 cloak.
  2424 | D:3      | 2424 ||| DROPPING +0 ring mail.
  2432 | D:3      | Became a worshipper of Warmaster Okawaru
  2433 | D:3      | 2433 ||| PLANNING D:1-11
  2552 | D:3      | 2552 ||| READING scroll labelled OKIEKOKK CIQEM.
  2588 | D:4      | Reached skill level 6 in Ranged Weapons
  2588 | D:4      | 2588 ||| DRINKING 3 potions of curing.
  2588 | D:4      | 2588 ||| (to cure confusion)
  2590 | D:4      | 2590 ||| DRINKING 2 potions of curing.
  2590 | D:4      | 2590 ||| (to cure confusion)
  2601 | D:4      | Reached XP level 6. HP: 45/52 MP: 6/6
  2601 | D:4      | 2601 ||| FLEEEEING.
  2602 | D:4      | 2602 ||| FLEEEEING.
  2606 | D:4      | 2606 ||| STAIRDANCE
  2689 | D:4      | Found a shadowy altar of Dithmenos.
  2826 | D:4      | Reached skill level 3 in Dodging
  2946 | D:4      | Reached XP level 7. HP: 60/60 MP: 7/7
  3232 | D:4      | 3232 ||| UPGRADING to ring of protection from cold.
  3233 | D:4      | 3233 ||| READING scroll labelled GEOQERIDA.
  3245 | D:5      | Entered Level 5 of the Dungeon
  3352 | D:5      | Reached skill level 7 in Ranged Weapons
  3390 | D:5      | Reached * piety under Okawaru
  3948 | D:5      | Reached skill level 1 in Invocations
  4257 | D:5      | 4257 ||| READING scroll labelled BOIZXA ITODEVO.
  4352 | D:5      | 4352 ||| READING 2 scrolls of identify.
  4352 | D:5      | 4352 ||| IDENTIFYING cyan potion
  4508 | D:6      | Noticed Grinder
  4509 | D:6      | 4509 ||| INVOKING Heroism.
  4511 | D:6      | Reached skill level 8 in Ranged Weapons
  4522 | D:6      | Killed Grinder
  4523 | D:6      | Reached skill level 3 in Invocations
  4523 | D:6      | Reached XP level 8. HP: 69/69 MP: 6/9
  4523 | D:6      | 4523 ||| FLEEEEING.
  4524 | D:6      | 4524 ||| FLEEEEING.
  4525 | D:6      | 4525 ||| FLEEEEING.
  4526 | D:6      | 4526 ||| FLEEEEING.
  4530 | D:6      | 4530 ||| FLEEEEING.
  4531 | D:6      | 4531 ||| FLEEEEING.
  4532 | D:6      | 4532 ||| FLEEEEING.
  4533 | D:6      | 4533 ||| FLEEEEING.
  4534 | D:6      | 4534 ||| FLEEEEING.
  4535 | D:6      | 4535 ||| FLEEEEING.
  4536 | D:6      | 4536 ||| STAIRDANCE
  4561 | D:6      | 4561 ||| READING scroll of enchant weapon.
  4561 | D:6      | 4561 ||| ENCHANTING +2 heavy sling.
  4631 | D:6      | 4631 ||| SWAPPING to +0 orcbow.
  4632 | D:6      | 4632 ||| DROPPING +3 heavy sling.
  4682 | D:6      | Noticed Eustachio
  4683 | D:6      | 4683 ||| INVOKING Heroism.
  4703 | D:6      | 4703 ||| INVOKING Heroism.
  4704 | D:6      | Killed Eustachio
  4788 | D:6      | Reached skill level 9 in Ranged Weapons
  4964 | D:6      | Noticed a hornet
  4974 | D:6      | Paralysed by a hornet for 3 turns
  4977 | D:6      | 4977 ||| INVOKING Heroism.
  4977 | D:6      | HP: 15/69 [poisoned by a hornet]
  4977 | D:6      | HP: 6/69 [hornet (9)]
  4978 | D:6      | HP: 1/69 [hornet (4)]
  4978 | D:6      | Killed a hornet
  4978 | D:6      | Reached ** piety under Okawaru
  4979 | D:6      | 4979 ||| DRINKING 2 potions of curing.
  4979 | D:6      | 4979 ||| (to cure poison)
  5414 | D:6      | 5414 ||| READING scroll labelled CEGAKHL GITWYDD.
  5466 | D:7      | Reached skill level 6 in Fighting
  5468 | D:7      | 5468 ||| INVOKING Heroism.
  5599 | D:7      | Noticed Duvessa
  5600 | D:7      | 5600 ||| INVOKING Heroism.
  5606 | D:7      | Killed Duvessa
  5607 | D:7      | Reached XP level 9. HP: 74/75 MP: 8/11
  5607 | D:7      | Noticed Dowan
  5614 | D:7      | Killed Dowan
  5770 | D:7      | Reached skill level 10 in Ranged Weapons
  5827 | D:7      | Found a staircase to the Ecumenical Temple.
  5834 | D:7      | 5834 ||| INVOKING Heroism.
  6017 | D:7      | 6017 ||| UPGRADING to +0 pair of boots.
  6022 | D:7      | 6022 ||| DRINKING 2 sedimented grey potions.
  6023 | D:7      | 6023 ||| READING 3 scrolls of identify.
  6023 | D:7      | 6023 ||| IDENTIFYING brown potion
  6024 | D:7      | 6024 ||| READING 2 scrolls of identify.
  6024 | D:7      | 6024 ||| IDENTIFYING golden potion
  6058 | D:8      | 6058 ||| INVOKING Heroism.
  6277 | D:8      | 6277 ||| INVOKING Heroism.
  6329 | D:8      | 6329 ||| INVOKING Heroism.
  6433 | D:8      | 6433 ||| FLEEEEING.
  6439 | D:8      | 6439 ||| STAIRDANCE
  6637 | D:8      | 6637 ||| INVOKING Heroism.
  6641 | D:8      | Reached skill level 11 in Ranged Weapons
  6765 | D:8      | Identified the +2 pair of gloves of Bad Feelings {Int+4}
  6893 | D:8      | Found a staircase to the Lair.
  6894 | D:8      | 6894 ||| INVOKING Heroism.
  6906 | D:8      | Reached skill level 6 in Dodging
  7088 | D:8      | 7088 ||| INVOKING Heroism.
  7093 | D:8      | 7093 ||| Stepping ~*~*~tactically~*~*~ (cloud).
  7277 | D:8      | Found a glowing golden altar of the Shining One.
  7277 | D:8      | Found a blossoming altar of Fedhas.
  7456 | D:8      | 7456 ||| PLANNING LAIR
  7456 | D:8      | 7456 ||| UPGRADING to +2 pair of gloves of Bad Feelings
                  | {Int+4}.
  7461 | D:8      | 7461 ||| DROPPING ring of ice.
  7504 | Lair:1   | Entered Level 1 of the Lair of Beasts
  7515 | Lair:1   | Noticed a komodo dragon
  7516 | Lair:1   | 7516 ||| INVOKING Heroism.
  7524 | Lair:1   | Killed a komodo dragon
  7557 | Lair:1   | Noticed a catoblepas
  7558 | Lair:1   | 7558 ||| INVOKING Heroism.
  7564 | Lair:1   | 7564 ||| Stepping ~*~*~tactically~*~*~ (cloud).
  7566 | Lair:1   | Noticed a cane toad
  7570 | Lair:1   | 7570 ||| Stepping ~*~*~tactically~*~*~ (cloud).
  7580 | Lair:1   | 7580 ||| Stepping ~*~*~tactically~*~*~ (cloud).
  7582 | Lair:1   | 7582 ||| Stepping ~*~*~tactically~*~*~ (cloud).
  7585 | Lair:1   | Killed a catoblepas
  7585 | Lair:1   | Noticed a cane toad
  7586 | Lair:1   | Reached skill level 12 in Ranged Weapons
  7586 | Lair:1   | Reached XP level 10. HP: 37/86 MP: 12/12
  7588 | Lair:1   | 7588 ||| INVOKING Heroism.
  7600 | Lair:1   | Killed a cane toad
  7603 | Lair:1   | Killed a cane toad
  7603 | Lair:1   | Reached *** piety under Okawaru
  7604 | Lair:1   | HP: 22/88 [poisoned by a water moccasin]
  7605 | Lair:1   | 7605 ||| READING scroll of teleportation.
  7606 | Lair:1   | 7606 ||| DRINKING potion of heal wounds.
  7610 | Lair:1   | HP: 22/88 [poisoned by a water moccasin]
  7617 | Lair:1   | 7617 ||| INVOKING Heroism.
  7617 | Lair:1   | HP: 14/88 [poisoned by a water moccasin]
  7619 | Lair:1   | HP: 5/88 [basilisk (4)]
  7626 | Lair:1   | HP: 6/88 [poisoned by a water moccasin]
  7664 | Lair:1   | 7664 ||| INVOKING Heroism.
  7925 | Lair:1   | Found a white marble altar of Elyvilon.
  7931 | Lair:1   | 7931 ||| INVOKING Heroism.
  8000 | Lair:1   | Noticed a cane toad
  8001 | Lair:1   | 8001 ||| INVOKING Heroism.
  8008 | Lair:1   | Reached skill level 13 in Ranged Weapons
  8021 | Lair:1   | Killed a cane toad
  8022 | Lair:1   | Reached skill level 9 in Fighting
  8022 | Lair:1   | 8022 ||| FLEEEEING.
  8022 | Lair:1   | HP: 21/91 [poisoned by a cane toad]
  8023 | Lair:1   | 8023 ||| FLEEEEING.
  8027 | Lair:1   | HP: 11/91 [poisoned by a cane toad]
  8032 | Lair:1   | HP: 7/91 [poisoned by a cane toad]
  8477 | Lair:1   | Noticed a cane toad
  8478 | Lair:1   | 8478 ||| INVOKING Heroism.
  8487 | Lair:1   | Killed a cane toad
  8488 | Lair:1   | Reached XP level 11. HP: 93/97 MP: 10/13
  8802 | Lair:1   | 8802 ||| READING scroll labelled FIKHLE JUSUAG.
  8803 | Lair:1   | 8803 ||| DRINKING 2 fizzy clear potions.
  8803 | Lair:1   | Gained mutation: You are somewhat resistant to further
                  | mutation. [potion of mutation]
  8803 | Lair:1   | Gained mutation: Your skin changes colour to match your
                  | surroundings (Stealth+). [potion of mutation]
  8803 | Lair:1   | Gained mutation: You have sharp fingernails. [potion of
                  | mutation]
  8804 | Lair:1   | 8804 ||| DRINKING 2 lumpy inky potions.
  8805 | Lair:1   | 8805 ||| DROPPING potion of brilliance.
  8921 | Lair:2   | 8921 ||| INVOKING Heroism.
  8931 | Lair:2   | Reached skill level 14 in Ranged Weapons
  8946 | Lair:2   | 8946 ||| INVOKING Heroism.
  8952 | Lair:2   | HP: 18/97 [elephant (14)]
  8955 | Lair:2   | Reached **** piety under Okawaru
  8960 | Lair:2   | HP: 14/97 [elephant (6)]
  9146 | Lair:2   | 9146 ||| FLEEEEING.
  9147 | Lair:2   | 9147 ||| FLEEEEING.
  9148 | Lair:2   | 9148 ||| FLEEEEING.
  9153 | Lair:2   | 9153 ||| INVOKING Heroism.
  9316 | Lair:2   | 9316 ||| Stepping ~*~*~tactically~*~*~ (outnumbered).
  9318 | Lair:2   | 9318 ||| Stepping ~*~*~tactically~*~*~ (outnumbered).
  9347 | Lair:2   | Found a staircase to the Snake Pit.
  9421 | Lair:2   | Found a staircase to the Swamp.
  9421 | Lair:2   | Noticed a bog body
  9422 | Lair:2   | Noticed a bog body
  9427 | Lair:2   | Killed a bog body
  9429 | Lair:2   | 9429 ||| INVOKING Heroism.
  9431 | Lair:2   | Killed a bog body
  9431 | Lair:2   | Reached ***** piety under Okawaru
  9432 | Lair:2   | Reached skill level 6 in Invocations
  9628 | Lair:2   | 9628 ||| INVOKING Heroism.
  9683 | Lair:2   | 9683 ||| INVOKING Heroism.
  9779 | Lair:2   | 9779 ||| INVOKING Heroism.
  9807 | Lair:2   | 9807 ||| INVOKING Heroism.
  9872 | Lair:2   | Noticed a death yak
  9873 | Lair:2   | 9873 ||| INVOKING Heroism.
  9874 | Lair:2   | 9874 ||| INVOKING Finesse.
  9882 | Lair:2   | Noticed a death yak
  9885 | Lair:2   | Killed a death yak
  9886 | Lair:2   | Reached skill level 15 in Ranged Weapons
  9890 | Lair:2   | Noticed a death yak
  9904 | Lair:2   | Killed a death yak
  9912 | Lair:2   | Killed a death yak
  9913 | Lair:2   | Reached XP level 12. HP: 106/106 MP: 10/16
 10037 | Lair:2   | Found a hide-covered altar of Uskayaw.
 10037 | Lair:2   | Noticed a boulder beetle
 10038 | Lair:2   | 10038 ||| INVOKING Heroism.
 10039 | Lair:2   | 10039 ||| INVOKING Finesse.
 10055 | Lair:2   | Killed a boulder beetle
 10104 | Lair:2   | Found an ornate altar of the Wu Jian Council.
 10123 | Lair:2   | Reached skill level 9 in Dodging
 10513 | Lair:2   | 10513 ||| UPGRADING to +5 ring of evasion.
 10515 | Lair:2   | 10515 ||| DROPPING ring of protection from cold.
 10544 | Lair:3   | Identified the +6 shortbow "qw's Doom" {freeze, Int+3}
 10546 | Lair:3   | 10546 ||| DROPPING +6 shortbow "qw's Doom" {freeze, Int+3}.
 10559 | Lair:3   | 10559 ||| INVOKING Heroism.
 10582 | Lair:3   | Received a gift from Okawaru
 10726 | Lair:3   | 10726 ||| INVOKING Heroism.
 10780 | Lair:3   | 10780 ||| INVOKING Heroism.
 10870 | Lair:3   | Reached skill level 9 in Invocations
 11339 | Lair:3   | 11339 ||| Stepping ~*~*~tactically~*~*~ (water).
 11349 | Lair:3   | Noticed a seven-headed hydra
 11350 | Lair:3   | 11350 ||| INVOKING Heroism.
 11358 | Lair:3   | Killed a seven-headed hydra
 11359 | Lair:3   | Reached skill level 16 in Ranged Weapons
 11768 | Lair:3   | 11768 ||| DROPPING ring of flight.
 11769 | Lair:3   | 11769 ||| DRINKING 2 murky yellow potions.
 11770 | Lair:3   | 11770 ||| READING 3 scrolls of identify.
 11770 | Lair:3   | 11770 ||| IDENTIFYING green potion
 11771 | Lair:3   | 11771 ||| DROPPING potion of degeneration.
 11772 | Lair:3   | 11772 ||| DROPPING potion of ambrosia.
 11822 | Lair:4   | 11822 ||| INVOKING Heroism.
 11998 | Lair:4   | Found a frozen archway.
 12008 | Lair:4   | Noticed a five-headed hydra
 12009 | Lair:4   | 12009 ||| INVOKING Heroism.
 12033 | Lair:4   | Killed a five-headed hydra
 12182 | Lair:4   | 12182 ||| INVOKING Heroism.
 12183 | Lair:4   | Noticed a catoblepas
 12183 | Lair:4   | 12183 ||| INVOKING Finesse.
 12195 | Lair:4   | 12195 ||| Stepping ~*~*~tactically~*~*~ (cloud).
 12210 | Lair:4   | 12210 ||| Stepping ~*~*~tactically~*~*~ (cloud).
 12216 | Lair:4   | Received a gift from Okawaru
 12218 | Lair:4   | Noticed a death yak
 12225 | Lair:4   | Killed a catoblepas
 12247 | Lair:4   | Killed a death yak
 12248 | Lair:4   | Reached XP level 13. HP: 102/117 MP: 15/19
 12256 | Lair:4   | Reached skill level 12 in Fighting
 12294 | Lair:4   | 12294 ||| INVOKING Heroism.
 12379 | Lair:4   | 12379 ||| INVOKING Heroism.
 12451 | Lair:4   | 12451 ||| INVOKING Heroism.
 12525 | Lair:4   | 12525 ||| INVOKING Heroism.
 12707 | Lair:4   | 12707 ||| INVOKING Heroism.
 12732 | Lair:4   | HP: 23/119 [seven-headed hydra (9)]
 12733 | Lair:4   | 12733 ||| READING scroll of teleportation.
 12734 | Lair:4   | 12734 ||| DRINKING potion of heal wounds.
 12756 | Lair:4   | HP: 30/122 [skyshark (1)]
 12757 | Lair:4   | 12757 ||| INVOKING Heroism.
 12771 | Lair:4   | Identified the +0 buckler of Jiesatzu {rPois} (Okawaru
                  | gifted it to you on level 4 of the Lair of Beasts)
 12771 | Lair:4   | Received a gift from Okawaru
 13009 | Lair:4   | Found a staircase to the Slime Pits.
 13065 | Lair:4   | 13065 ||| INVOKING Heroism.
 13080 | Lair:4   | Noticed qw's ghost (journeyman GrFi)
 13112 | Lair:4   | Found a transporter.
 13116 | Lair:4   | Found a transporter.
 13190 | Lair:4   | 13190 ||| INVOKING Heroism.
 13191 | Lair:4   | 13191 ||| INVOKING Finesse.
 13218 | Lair:4   | Reached skill level 6 in Armour
 13335 | Lair:4   | 13335 ||| INVOKING Heroism.
 13357 | Lair:4   | 13357 ||| INVOKING Heroism.
 13637 | Lair:4   | 13637 ||| DROPPING amulet of guardian spirit.
 13638 | Lair:4   | 13638 ||| READING 4 scrolls of identify.
 13638 | Lair:4   | 13638 ||| IDENTIFYING fuming silvery potion
 13639 | Lair:4   | 13639 ||| DROPPING potion of lignification.
 13651 | Lair:5   | Entered Level 5 of the Lair of Beasts
 13652 | Lair:5   | 13652 ||| INVOKING Heroism.
 13696 | Lair:5   | 13696 ||| INVOKING Heroism.
 13765 | Lair:5   | 13765 ||| INVOKING Heroism.
 13802 | Lair:5   | 13802 ||| INVOKING Heroism.
 13826 | Lair:5   | Reached skill level 12 in Dodging
 13861 | Lair:5   | 13861 ||| INVOKING Heroism.
 14051 | Lair:5   | 14051 ||| INVOKING Heroism.
 14082 | Lair:5   | Reached XP level 14. HP: 44/133 MP: 20/20
 14092 | Lair:5   | HP: 33/133 [yak (4)]
 14093 | Lair:5   | 14093 ||| DRINKING potion of heal wounds.
 14183 | Lair:5   | 14183 ||| INVOKING Heroism.
 14327 | Lair:5   | Noticed Sonja
 14340 | Lair:5   | Killed Sonja
 14341 | Lair:5   | Reached skill level 15 in Fighting
 14468 | Lair:5   | 14468 ||| INVOKING Heroism.
 14542 | Lair:5   | 14542 ||| INVOKING Heroism.
 14902 | Lair:5   | 14902 ||| FLEEEEING.
 14903 | Lair:5   | 14903 ||| INVOKING Heroism.
 15119 | Lair:5   | 15119 ||| FLEEEEING.
 15120 | Lair:5   | 15120 ||| FLEEEEING.
 15156 | Lair:5   | 15156 ||| INVOKING Heroism.
 15348 | Lair:5   | 15348 ||| INVOKING Heroism.
 15360 | Lair:5   | HP: 29/135 [basilisk (6)]
 15362 | Lair:5   | HP: 11/135 [basilisk (5)]
 15363 | Lair:5   | HP: 3/135 [basilisk (5)]
 15363 | Lair:5   | HP: 1/135 [ancient zyme (2)]
 15363 | Lair:5   | Slain by a spriggan

Levels and vault maps discovered:
D:1:      psy_arrival_dodecagon, layout_loops_ring, serial_shops,
          nicolae_shop_waterfront
D:2:      wad_woods_tower, layout_basic, minmay_fractal_squares_5
D:3:      layout_basic, grunt_temple_overflow_bloody_war
D:4:      layout_loops_ring, grunt_dithmenos_smoke_and_mirrors,
          kennysheep_generic_room_7
D:5:      layout_layer_cave
D:6:      layout_loops_cross, minmay_misc_feat_cross, uniq_grinder,
          uniq_eustachio
D:7:      layout_loops_ring, minmay_temple_entry_grid, minmay_crystal_room,
          uniq_duvessa
D:8:      layout_cave_pods, gammafunk_temple_overflow_elements,
          grunt_lair_entry_orc_guard_hut, kennysheep_small_spiral
Lair:1:   layout_gridlike, basic_altar, infiniplex_staircase_pool,
          lemuel_fruit_tree, grunt_megastairs_5
Lair:2:   layout_cave_pods, skrybe_swamp_entry_bodies,
          nicolae_snake_entry_squirm, nzn_masters_of_martial_movement
Lair:3:   cheibrodos_lair_river_kwai, layout_cave_pods, beast_lair_carwin_3
Lair:4:   nzn_winding_woodlands_stair_cross
          [nzn_winding_woodlands_5x15_sidewinder,
          nzn_winding_woodlands_center_pierced_h,
          nzn_winding_woodlands_5x15_garden, nzn_winding_woodlands_5x5_default,
          nzn_winding_woodlands_5x5_cross, nzn_winding_woodlands_5x15_crooked,
          nzn_winding_woodlands_center_garden,
          nzn_winding_woodlands_5x15_parted], layout_big_grid,
          minmay_slime_entry_jelly_boxes, portal_ice_cave_entry_pillars_1,
          gammafunk_ghost_hive, bh_autumn_forest_stairs
Lair:5:   hellmonk_lair_end_abyssal_woods, layout_loops_ring,
          serial_bayou_crossing, uniq_sonja

Skill      XL: |  1  2  3  4  5  6  7  8  9 10 11 12 13 14 |
---------------+-------------------------------------------+-----
Ranged Weapons | 3 4 5 6 8 9 12 13 15 16 | 16.0
Fighting       | 2 3 4 5 6 7 9 10 11 14 15 | 15.6
Armour         | 1 4 5 6 7 |  7.0
Dodging        | 3 5 6 7 8 9 12 13 | 13.0
Invocations    | 3 4 7 10 | 10.0
Spellcasting   | |  1.0
Hexes          | |  2.0

Action                     |  1- 3 |  4- 6 |  7- 9 | 10-12 | 13-15 || total
---------------------------+-------+-------+-------+-------+-------++-------
   Fire: Sling             |   136 |   128 |    86 |       |       ||   350
         Orcbow            |       |       |   268 |   697 |   716 ||  1681
 Invoke: Heroism           |       |       |    15 |    23 |    22 ||    60
         Finesse           |       |       |       |     3 |     1 ||     4
    Use: Scroll            |     3 |     6 |     7 |     3 |     2 ||    21
         Potion            |     1 |     3 |     2 |     4 |     2 ||    12
 Armour: Robe              |     6 |       |       |       |       ||     6
         Ring mail         |    10 |     8 |       |       |       ||    18
         Leather armour    |       |    13 |    64 |    94 |   150 ||   321
  Dodge: Dodged            |    55 |    45 |   150 |   369 |   544 ||  1163

Table legend:
 A = Non-vault XP
 B = Vault XP
 C = Vault XP percentage of total XP
 D = Non-vault monster count
 E = Vault monster count
 F = Vault count percentage of total count
                 A         B        C        D         E       F
            +---------+---------+-------+---------+---------+-------
      Total |   47796 |   30466 |  38.9 |     301 |     123 |  29.0
            +---------+---------+-------+---------+---------+-------
        D:1 |      58 |       0 |   0.0 |      33 |       0 |   0.0
        D:2 |      44 |      40 |  47.6 |      15 |       8 |  34.8
        D:3 |     138 |      15 |   9.8 |      22 |       1 |   4.3
        D:4 |     463 |      92 |  16.6 |      16 |       3 |  15.8
        D:5 |     266 |       0 |   0.0 |      14 |       0 |   0.0
        D:6 |     859 |     451 |  34.4 |      17 |       2 |  10.5
        D:7 |     566 |     214 |  27.4 |      12 |       2 |  14.3
        D:8 |    1081 |     603 |  35.8 |      29 |       5 |  14.7
     Lair:1 |    4378 |    1896 |  30.2 |      19 |       9 |  32.1
     Lair:2 |   10223 |    2675 |  20.7 |      33 |       6 |  15.4
     Lair:3 |    3740 |    3871 |  50.9 |      17 |      11 |  39.3
     Lair:4 |    8249 |   14613 |  63.9 |      24 |      54 |  69.2
     Lair:5 |   17731 |    5996 |  25.3 |      50 |      22 |  30.6
            +---------+---------+-------+---------+---------+-------
